Map: Romanticide LE

Players

CowboyDan

  • Race: Terran Terran
  • League: Diamond
  • Spawn Location: 5:00

DeathByToss - Winner!

  • Race: Protoss Protoss
  • League: Master
  • Spawn Location: 11:00

VOD

Have the link to the VOD?

Description

Time

  • Played on: Dec. 10, 2020, 2:14 p.m.
  • Length: 12:52
Show
View Real Time Build Order
Export as new Build Order

CowboyDan Terran 

Build Orders:  

Get SALT Encoding   

  12  0:00  SCV  
  13  0:12  SCV  
  14  0:17  Supply Depot  
  14  0:24  SCV  
  15  0:38  SCV  
  15  0:41  Barracks  
  16  0:45  Refinery  
  16  0:50  SCV  
  17  1:03  SCV  
  18  1:29  Orbital Command  
  18  1:43  Marine  
  16  2:22  Marine  
  17  2:24  SCV  
  18  2:36  SCV  
  19  2:40  Factory  
  19  2:48  Reaper, SCV  
  21  3:00  SCV  
  22  3:08  Refinery  
  22  3:10  Supply Depot  
  22  3:12  SCV  
  23  3:21  Barracks Reactor  
  23  3:32  SCV, Hellion  
  26  3:46  Command Center  
  26  3:48  SCV  
  27  3:56  Factory Tech Lab  
  27  3:58  Starport  
  27  4:00  SCV  
  27  4:01  Marine  
  29  4:05  Marine  
  30  4:23  Siege Tank, Supply Depot  
  33  5:04  Marine x2  
  33  5:05  Siege Tank  
  33  5:06  Liberator  
  34  5:22  SCV  
  34  5:24  Orbital Command  
  35  5:29  Marine  
  35  5:30  Marine  
  35  5:34  SCV  
  38  5:35  Barracks  
  38  5:37  Siege Tank  
  41  5:46  SCV  
  42  5:52  Starport Reactor  
  42  5:53  SCV  
  43  5:58  SCV, Marine x2  
  43  5:59  Supply Depot  
  46  6:05  SCV  
  46  6:10  Siege Tank, SCV  
  51  6:17  SCV  
  52  6:22  Marine x2  
  52  6:23  Barracks Tech Lab  
  54  6:28  Medivac  
  54  6:29  SCV  
  54  6:30  SCV  
  58  6:42  SCV x2  
  60  6:53  Marine  
  60  6:54  Marine x2  
  62  6:55  Stimpack  
  57  7:18  Medivac  
  57  7:20  SCV x2  
  61  7:25  Marine x3  
  64  7:32  SCV  
  65  7:43  Marine  
  66  7:45  Marine x2  
  66  7:48  SCV x2  
  70  7:53  Barracks x2  
  70  7:54  Barracks  
  70  7:56  Barracks  
  70  8:04  SCV  
  70  8:14  Marine x3  
  70  8:15  SCV  
  59  8:22  SCV  
  59  8:24  Refinery  
  59  8:26  Refinery  
  57  8:27  SCV  
  57  8:32  Marauder, Marine x2  
  62  8:34  SCV  
  62  8:39  Supply Depot  
  62  8:40  SCV, Supply Depot x3  
  64  8:41  Barracks Tech Lab x3  
  64  8:46  Barracks Tech Lab, SCV  
  65  8:52  SCV  
  65  8:54  Concussive Shells  
  66  8:56  Marine x2  
  66  8:57  Orbital Command  
  66  9:01  Marauder x2  
  73  9:03  Marauder  
  73  9:04  SCV  
  60  9:19  SCV  
  60  9:26  Marine  
  60  9:27  Marine  
  60  9:28  Marauder  
  63  9:31  SCV  
  63  9:36  SCV  
  65  9:43  SCV  
  66  9:48  SCV  
  56  9:53  Marauder x5  
  56  9:55  SCV  
  54  10:13  Marine  
  34  10:14  Marauder x3  
  34  10:15  Marauder x2  
  27  10:29  Marine  
  28  10:36  Marauder  
Show
View Real Time Build Order
Export as new Build Order

DeathByToss Protoss - Winner!

Build Orders: Cannon Rush 

Get SALT Encoding   

  12  0:02  Probe  
  13  0:14  Probe  
  13  0:19  Pylon  
  14  0:27  Probe (Chrono Boost)  
  15  0:38  Probe (Chrono Boost)  
  15  0:39  Forge  
  16  0:44  Probe (Chrono Boost)  
  17  1:04  Pylon  
  17  1:05  Pylon  
  17  1:06  Pylon  
  17  1:22  Photon Cannon  
  17  1:27  Photon Cannon  
  17  1:30  Gateway  
  16  1:36  Pylon  
  16  1:44  Photon Cannon  
  16  1:45  Photon Cannon  
  15  1:56  Assimilator  
  15  1:59  Assimilator  
  15  2:05  Probe  
  16  2:18  Nexus  
  16  2:27  Gateway  
  16  2:32  Probe (Chrono Boost)  
  18  2:44  Probe (Chrono Boost)  
  18  2:49  Photon Cannon  
  18  2:51  Probe (Chrono Boost)  
  19  2:59  Probe  
  19  3:04  Pylon  
  20  3:11  Probe  
  21  3:13  Protoss Ground Weapons Level 1 (Chrono Boost)  
  21  3:16  Cybernetics Core  
  21  3:27  Assimilator  
  21  3:33  Probe x2  
  23  3:45  Probe  
  23  3:48  Gateway  
  24  3:52  Shield Battery  
  24  4:02  Robotics Facility  
  24  4:08  Adept (Chrono Boost)  
  26  4:19  Pylon  
  26  4:27  Probe  
  26  4:30  Adept (Chrono Boost), Probe  
  26  4:36  Adept  
  30  4:44  Warp Gate (Chrono Boost)  
  30  4:45  Pylon  
  30  4:55  Probe x2  
  32  5:01  Protoss Ground Armor Level 1 (Chrono Boost)  
  32  5:07  Probe  
  32  5:09  Adept  
  31  5:15  Shield Battery  
  31  5:19  Probe  
  30  5:28  Warp Prism  
  32  5:42  Pylon  
  32  5:47  Probe x2  
  34  6:00  Twilight Council  
  34  6:02  Probe x2  
  36  6:14  Gateway, Probe  
  36  6:18  Observer  
  38  6:23  Gateway  
  38  6:26  Stalker x2  
  42  6:47  Charge (Chrono Boost)  
  42  6:49  Zealot x2  
  44  7:09  Probe x2  
  42  7:19  Zealot x3  
  42  7:20  Zealot  
  50  7:25  Probe  
  51  7:38  Gateway  
  51  7:39  Pylon  
  51  7:40  Gateway  
  51  7:41  Pylon  
  51  7:43  Zealot  
  53  7:47  Zealot  
  55  7:58  Zealot x2  
  59  8:07  Zealot x2  
  63  8:19  Zealot x2  
  57  8:29  Zealot x2  
  61  8:34  Probe x2  
  61  8:35  Nexus  
  63  8:46  Pylon, Probe  
  63  8:48  Pylon  
  64  8:52  Zealot  
  64  8:53  Zealot x3  
  66  9:17  Zealot x3  
  66  9:18  Zealot x3  
  78  9:26  Protoss Ground Weapons Level 2 (Chrono Boost)  
  74  9:34  Probe  
  74  9:35  Probe  
  74  9:37  Dark Shrine  
  76  9:42  Assimilator  
  76  9:43  Assimilator  
  76  9:45  Observer  
  67  10:00  Zealot x4  
  67  10:01  Zealot  
  73  10:10  Zealot  
  75  10:14  Gateway, Probe (Chrono Boost)  
  75  10:15  Probe (Chrono Boost)  
  75  10:20  Observer, Probe (Chrono Boost)  
  73  10:24  Probe (Chrono Boost)  
  70  10:30  Stalker x2  
  70  10:31  Stalker  
  74  10:44  Zealot x3  
  80  10:56  Robotics Bay  
  80  10:59  Robotics Facility, Probe x3  
  83  11:13  Stalker x2  
  83  11:16  Assimilator  
  85  11:22  Assimilator, Stalker  
  87  11:27  Observer (Chrono Boost)  
  87  11:31  Probe  
  89  11:39  Zealot x4  
  89  11:40  Zealot  
  89  11:45  Disruptor (Chrono Boost)  
  89  11:54  Zealot  
  86  12:00  Zealot x4  
  83  12:21  Probe x2  
  81  12:29  Dark Templar x2  
  81  12:44  Gateway  
Tags
 
Add a new tag
Caveats
  • Supply blocks, unpowered buildings, or Contaminate may cause inaccurate times.
  • Supply counts are checked every 10 seconds.